 Dungeon Crawl Stone Soup version 0.24.0-13-gcf9b319 (console) character file.

Game seed: 2074343386103427005, levelgen mode: deterministic

8 ratboy the Charlatan (level 2, -4/14 HPs)
             Began as a Vine Stalker Artificer on Feb 28, 2020.
             Slain by a worm (8 damage)
             ... on level 2 of the Dungeon.
             The game lasted 00:02:38 (173 turns).

ratboy the Charlatan (Vine Stalker Artificer)        Turns: 173, Time: 00:02:38

Health: -4/14      AC:  3    Str: 14    XL:     2   Next: 8%
Magic:  0/5        EV: 12    Int: 11    God:
Gold:   0          SH:  0    Dex: 14    Spells: 1/1 levels left

rFire    . . .     SeeInvis .   a - +0 short sword
rCold    . . .     Gourm    .   (no shield)
rNeg     . . .     Faith    .   f - +0 leather armour
rPois    .         Spirit   +   (no helmet)
rElec    .         Reflect  .   (no cloak)
rCorr    .         Harm     .   (no gloves)
MR       .....                  (no boots)
Stlth    ++........             (no amulet)
HPRegen  0.04/turn              (no ring)
MPRegen  0.09/turn              (no ring)

@: no status effects
A: fangs 2, magic shield, antimagic bite, no potion heal 3, rot immunity
a: no special abilities


You were on level 2 of the Dungeon.
You were not hungry.

You visited 1 branch of the dungeon, and saw 2 of its levels.

Inventory:

Hand Weapons
 a - a +0 short sword (weapon)
 g - a +0 dagger
Armour
 f - a +0 leather armour (worn)
Jewellery
 j - a cursed -2 ring of dexterity {unknown}
Wands
 c - a wand of flame (15)
 d - a wand of enslavement (15)
 e - a wand of random effects (15)
Potions
 i - a potion of degeneration {unknown}
 k - a potion of haste {unknown}
Comestibles
 b - a ration
 h - a chunk of flesh


   Skills:
 + Level 1.1 Fighting
 + Level 1.2 Short Blades
 - Level 1.5 Dodging
 + Level 1.7 Stealth
 + Level 2.8 Evocations


You had one spell level left.
You didn't know any spells.
Your spell library was empty.

Dungeon Overview and Level Annotations

Branches:
Dungeon (2/15)

Altars:
Zin


Innate Abilities, Weirdness & Mutations

You have extremely sharp teeth.
When hurt, damage is shared between your health and your magic reserves.
Your bite disrupts and absorbs the magic of your enemies.
Potions cannot restore your health.
You are immune to rotting.


Message History

Found a ring mail.
A goblin comes into view. It is wielding a +1 dagger of draining.
The goblin shouts!
You hear a shout!
Found a wand of random effects (25).
You see here a sedimented silvery potion.
k - a sedimented silvery potion An adder comes into view. x2
The giant cockroach bites you but does no damage.
The giant cockroach barely misses you. The giant cockroach bites you. x2
The worm bites you!
Ouch! That really hurt!
* * * LOW HITPOINT WARNING * * *
The giant cockroach waves its antennae.
The giant cockroach bites you.
* * * LOW HITPOINT WARNING * * *
The worm bites you!
* * * LOW MAGIC WARNING * * *
Ouch! That really hurt!
You die...

#.#### #...<# ###.#..
#.##.# ....... #)# .......
#.# ....... #.# .......##
#.# ........# #.#
....[S..# #.# ......g.##
#.# #.# ###..S..g# #.#
#.### ..../###.# #.# #...#
###.. #S# #.# ###.# #
#..###.# #.# #.# #.
#....S.# #.# #.# ##.#
#.##sw#####.######.#
##...##.##..f............#
...#....##..#####.########
.....#......# #.#
............# #.#
....%.......#####.#
###.##.####.......# # #.
######### #. #. .. ##


You could see a worm, an adder and a giant cockroach.

Vanquished Creatures
  A dart slug (D:1)
  2 hobgoblins
  A frilled lizard (D:1)
  2 kobolds (D:1)
6 creatures vanquished.

Notes
Turn   | Place    | Note
-------+----------+-------------------------------------------
     0 | D:1      | ratboy the Vine Stalker Artificer began the quest for the
                  | Orb.
     0 | D:1      | Reached XP level 1. HP: 9/9 MP: 3/3
     3 | D:1      | Found a glowing silver altar of Zin.
    85 | D:1      | Reached skill level 1 in Short Blades
    86 | D:1      | Reached skill level 1 in Fighting
   106 | D:1      | Reached XP level 2. HP: 14/14 MP: 5/5
   173 | D:2      | Slain by a worm

Levels and vault maps discovered:
D:1:      sevenhm_arrival_forest_fort_small_6, layout_loops_corners,
          wad_floor_pattern_untrapped
D:2:      layout_loops_ring, kennysheep_generic_room_14, uniq_jessica

Skill      XL: |  1 |
---------------+----+-----
Short Blades   | 1 |  1.2
Fighting       | 1 |  1.1
Dodging        | |  1.5
Stealth        | |  1.7
Evocations     | |  2.8

Action                   || total
-------------------------++-------
Melee: Short sword       ||    17
       Bite              ||     1
Armor: Leather armour    ||     6
Dodge: Dodged            ||     7
